MWL (24 & UNDER)
MINNESOTA DEATH STARS @ PLUMSTEAD EAGLES
09/12/2029
 
TOP OF THE 1ST
Minnesota Death Stars batting - Pitching for Plumstead Eagles : RHP Manny Ramos
Pitching: RHP Manny Ramos
Batting: RHB Lou Hammond 0-0: Ball
1-0: Called Strike
1-1: Foul Ball, location: 2F
1-2: Foul Ball, location: 2F
1-2: Ball
2-2: Foul Ball, location: 2F
2-2: Strikes out looking
Batting: LHB Júlio Córdova 0-0: Ball
1-0: Swinging Strike
1-1: Ball
2-1: Ball
3-1: Called Strike
3-2: Base on Balls
Batting: RHB Manuel Cintrón 0-0: Called Strike
Throwing error on steal attempt, E2
Júlio Córdova to third
0-1: Foul Ball, location: 2F
0-2: Ball
1-2: Strikes out looking
Batting: LHB Chris Henry 0-0: Called Strike
0-1: Swinging Strike
0-2: Ball
1-2: Ball
2-2: Fly out, F7 (Flyball, 7D)
Top of the 1st over - 0 runs, 0 hits, 1 error, 1 left on base; Minnesota 0 - Plumstead 0
BOTTOM OF THE 1ST
Plumstead Eagles batting - Pitching for Minnesota Death Stars : LHP Bobby MacGruder
Pitching: LHP Bobby MacGruder
Batting: RHB Jason Powers 0-0: Ball
1-0: Ground out 5-3 (Groundball, 56S)
Batting: SHB José Rincón 0-0: Ground out 5-3 (Groundball, 56S)
Batting: LHB Ismael Barajas 0-0: Ball
1-0: Foul Ball, location: 2F
1-1: Ball
2-1: Ball
3-1: Base on Balls
Batting: LHB Conan Bush 0-0: Ball
Ismael Barajas steals 2nd base
1-0: Ball
2-0: Swinging Strike
2-1: Called Strike
2-2: Ball
3-2: Base on Balls
Batting: SHB Joaquín Gilera 0-0: Ball
1-0: Fielders Choice at 2nd, 6-4 (Groundball, 56)
Bottom of the 1st over - 0 runs, 0 hits, 0 errors, 2 left on base; Minnesota 0 - Plumstead 0
TOP OF THE 2ND
Minnesota Death Stars batting - Pitching for Plumstead Eagles : RHP Manny Ramos
Batting: RHB Sidney Smith 0-0: Ball
1-0: Swinging Strike
1-1: Foul Ball, location: 2F
1-2: Ball
2-2: Ground out 4-3 (Groundball, 4)
Batting: LHB Jorge Gamboa 0-0: Fly out, F5 (Line Drive, 5L)
Batting: RHB Ernesto Quintero 0-0: Ball
1-0: SINGLE (Flyball, 7LM)
Batting: LHB Jamie Walker 0-0: Called Strike
0-1: Called Strike
0-2: Ball
1-2: Ball
2-2: Strikes out swinging
Top of the 2nd over - 0 runs, 1 hit, 0 errors, 1 left on base; Minnesota 0 - Plumstead 0
BOTTOM OF THE 2ND
Plumstead Eagles batting - Pitching for Minnesota Death Stars : LHP Bobby MacGruder
Batting: LHB Russell Ewing 0-0: Ball
1-0: Foul Ball, location: 2F
1-1: Ball
2-1: Ball
3-1: Base on Balls
Batting: RHB Larry Johnson 0-0: Ball
1-0: Ball
2-0: Foul Ball, location: 2F
2-1: Ball
3-1: Base on Balls
Russell Ewing to second
Batting: LHB Joe Rutherford 0-0: Fly out, F5 (Popup, 56S)
Batting: LHB António Álvarez 0-0: Ball
1-0: Ball
2-0: Ball
3-0: Base on Balls
Russell Ewing to third
Larry Johnson to second
Batting: RHB Jason Powers 0-0: Ball
1-0: Fly out, F9 (Flyball, 9)
Runner from 3rd tags up, OUT at HOME
Bottom of the 2nd over - 0 runs, 0 hits, 0 errors, 2 left on base; Minnesota 0 - Plumstead 0
TOP OF THE 3RD
Minnesota Death Stars batting - Pitching for Plumstead Eagles : RHP Gilberto Ramírez
Pitching: RHP Gilberto Ramírez
Batting: LHB Doyle Price 0-0: Called Strike
0-1: Ball
1-1: Ball
2-1: Foul Ball, location: 2F
2-2: Ball
3-2: SINGLE (Flyball, 7LM)
Batting: RHB Lou Hammond Balk!
Doyle Price to second
0-0: Ball
1-0: Ball
2-0: Foul Ball, location: 2F
2-1: Fly out, F8 (Flyball, 89M)
Batting: LHB Júlio Córdova 0-0: Ball
1-0: Ball
Doyle Price steals 3rd base
2-0: Ball
3-0: Called Strike
3-1: Called Strike
3-2: Strikes out swinging
Batting: RHB Manuel Cintrón 0-0: Called Strike
0-1: Ball
1-1: Ball
2-1: Ground out 5-3 (Groundball, 5S)
Top of the 3rd over - 0 runs, 1 hit, 0 errors, 1 left on base; Minnesota 0 - Plumstead 0
BOTTOM OF THE 3RD
Plumstead Eagles batting - Pitching for Minnesota Death Stars : LHP Bobby MacGruder
Batting: SHB José Rincón 0-0: Foul Ball, location: 2F
0-1: Ball
1-1: Ground out 6-3 (Groundball, 6)
Batting: LHB Ismael Barajas 0-0: Foul Ball, location: 2F
0-1: Ball
1-1: SOLO HOME RUN (Flyball, 89XD), Distance : 397 ft
Batting: LHB Conan Bush 0-0: SINGLE (Line Drive, 9S)
Batting: SHB Joaquín Gilera 0-0: Ball
1-0: Ball
2-0: Ball
3-0: Called Strike
3-1: Foul Ball, location: 2F
3-2: Foul Ball, location: 2F
3-2: Foul Ball, location: 2F
3-2: Base on Balls
Conan Bush to second
Batting: LHB Russell Ewing 0-0: Foul Ball, location: 2F
0-1: Ball
1-1: Ball
2-1: Foul Ball, location: 2F
2-2: Fly out, F6 (Flyball, 6MD)
Batting: RHB Larry Johnson 0-0: Foul Ball, location: 2F
0-1: Called Strike
0-2: Foul Ball, location: 2F
0-2: Foul Ball, location: 2F
0-2: Ball
1-2: Foul Ball, location: 2F
1-2: Ball
2-2: Foul Ball, location: 2F
2-2: Fielders Choice at 2nd, 5-4 (Groundball, 5L)
Bottom of the 3rd over - 1 run, 2 hits, 0 errors, 2 left on base; Minnesota 0 - Plumstead 1
TOP OF THE 4TH
Minnesota Death Stars batting - Pitching for Plumstead Eagles : RHP Gilberto Ramírez
Batting: LHB Chris Henry 0-0: Called Strike
0-1: SOLO HOME RUN (Flyball, 89XD), Distance : 407 ft
Batting: RHB Sidney Smith 0-0: Ball
1-0: Called Strike
1-1: SINGLE (Line Drive, 56D)
Batting: LHB Jorge Gamboa 0-0: Ball
1-0: Called Strike
1-1: Foul Ball, location: 2F
1-2: Foul Ball, location: 2F
1-2: Ball
2-2: Fly out, F3 (Popup, 23F)
Batting: RHB Ernesto Quintero 0-0: Called Strike
0-1: Called Strike
0-2: Fly out, F4 (Popup, 4M)
Batting: LHB Jamie Walker 0-0: Called Strike
0-1: Ball
1-1: Foul Ball, location: 2F
1-2: Ground out U3 (Groundball, 3S)
Top of the 4th over - 1 run, 2 hits, 0 errors, 1 left on base; Minnesota 1 - Plumstead 1
BOTTOM OF THE 4TH
Plumstead Eagles batting - Pitching for Minnesota Death Stars : LHP Bobby MacGruder
Batting: LHB Joe Rutherford 0-0: SINGLE (Flyball, 7LS)
Batting: LHB António Álvarez 0-0: SINGLE (Groundball, 4MD)
Joe Rutherford to second
Runner from 2nd tries for 3rd, SAFE, no throw
Batting: RHB Jason Powers 0-0: Ball
1-0: Called Strike
1-1: SINGLE (Flyball, 89S)
Joe Rutherford scores
António Álvarez to second
Runner from 2nd tries for 3rd, SAFE, no throw
Batting: SHB José Rincón 0-0: Ball
1-0: Ball
2-0: Called Strike
2-1: Foul Ball, location: 2F
2-2: Ball
3-2: Strikes out swinging
Jason Powers steals 2nd base
Batter strikes out.
Batting: LHB Ismael Barajas 0-0: Called Strike
0-1: SINGLE (Line Drive, 6D)
António Álvarez scores
Jason Powers to third
Batting: LHB Conan Bush 0-0: Foul Ball, location: 2F
0-1: Ball
1-1: Ball
2-1: Fly out, F7 (Flyball, 78M)
Runner from 3rd tags up, SCORES, no throw
Batting: SHB Joaquín Gilera 0-0: Ball
1-0: SINGLE (Line Drive, 6MD)
Ismael Barajas to second
Batting: LHB Russell Ewing 0-0: Ball
Joaquín Gilera is caught stealing 2nd base
Bottom of the 4th over - 3 runs, 5 hits, 0 errors, 1 left on base; Minnesota 1 - Plumstead 4
TOP OF THE 5TH
Minnesota Death Stars batting - Pitching for Plumstead Eagles : RHP Gilberto Ramírez
Batting: LHB Doyle Price 0-0: Ground out 4-3 (Groundball, 4)
Batting: RHB Lou Hammond 0-0: Ball
1-0: Ball
2-0: Ball
3-0: Base on Balls
Batting: LHB Júlio Córdova 0-0: Ball
Throwing error on steal attempt, E2
Lou Hammond to third
1-0: Called Strike
1-1: Foul Ball, location: 2F
1-2: Strikes out swinging
Batting: RHB Manuel Cintrón 0-0: Ball
1-0: Ball
2-0: Foul Ball, location: 2F
2-1: Ball
3-1: Base on Balls
Batting: LHB Chris Henry 0-0: Ball
Wild Pitch!
Lou Hammond scores
Manuel Cintrón to second
1-0: Ball
2-0: Foul Ball, location: 2F
2-1: Foul Ball, location: 2F
2-2: Ball
3-2: Strikes out swinging
Top of the 5th over - 1 run, 0 hits, 1 error, 1 left on base; Minnesota 2 - Plumstead 4
BOTTOM OF THE 5TH
Plumstead Eagles batting - Pitching for Minnesota Death Stars : LHP Bobby MacGruder
Batting: LHB Russell Ewing 0-0: Foul Ball, location: 2F
0-1: Fly out, F7 (Flyball, 7LD)
Batting: RHB Larry Johnson 0-0: Ball
1-0: Ball
2-0: Foul Ball, location: 2F
2-1: Foul Ball, location: 2F
2-2: Ball
3-2: Strikes out swinging
Batting: LHB Joe Rutherford 0-0: Ground out 4-3 (Groundball, 4)
Bottom of the 5th over - 0 runs, 0 hits, 0 errors, 0 left on base; Minnesota 2 - Plumstead 4
TOP OF THE 6TH
Minnesota Death Stars batting - Pitching for Plumstead Eagles : RHP Gilberto Ramírez
Batting: RHB Sidney Smith 0-0: Swinging Strike
0-1: Ball
1-1: Called Strike
1-2: Strikes out looking
Batting: LHB Jorge Gamboa 0-0: Swinging Strike
0-1: Foul Ball, location: 2F
0-2: Ball
1-2: Foul Ball, location: 2F
1-2: Fly out, F7 (Flyball, 7)
Batting: RHB Ernesto Quintero 0-0: Fly out, F7 (Flyball, 7D)
Top of the 6th over - 0 runs, 0 hits, 0 errors, 0 left on base; Minnesota 2 - Plumstead 4
BOTTOM OF THE 6TH
Plumstead Eagles batting - Pitching for Minnesota Death Stars : LHP Bobby MacGruder
Batting: LHB António Álvarez 0-0: Ball
1-0: Ball
2-0: Ball
3-0: Called Strike
3-1: Called Strike
3-2: SINGLE (Groundball, 6D)
Batting: RHB Jason Powers 0-0: Called Strike
0-1: SINGLE (Groundball, 56S) (infield hit)
António Álvarez to second
Pitching: RHP Abel Walker
Batting: SHB José Rincón 0-0: Ball
1-0: Ball
2-0: Ball
3-0: Called Strike
3-1: Grounds into double play, 4-6-3 (Groundball, 34)
António Álvarez to third
Batting: LHB Ismael Barajas 0-0: Called Strike
0-1: Ball
1-1: Foul Ball, location: 2F
1-2: Ground out U3 (Groundball, 3S)
Bottom of the 6th over - 0 runs, 2 hits, 0 errors, 1 left on base; Minnesota 2 - Plumstead 4
TOP OF THE 7TH
Minnesota Death Stars batting - Pitching for Plumstead Eagles : RHP Gilberto Ramírez
Pitching: LHP Anthony Martínez
Batting: LHB Jamie Walker 0-0: Ground out 4-3 (Groundball, 4)
Batting: LHB Doyle Price 0-0: Ball
1-0: DOUBLE (Flyball, 78D)
Pitching: LHP Luis Hernández
Batting: RHB Lou Hammond 0-0: Ball
1-0: Ball
2-0: Ball
3-0: Called Strike
3-1: Base on Balls
Pinch Hitting: RHB Vaughan Tillman 0-0: Called Strike
0-1: Foul Ball, location: 2F
0-2: Ball
1-2: Ball
2-2: Ball
3-2: Base on Balls
Doyle Price to third
Lou Hammond to second
Batting: RHB Manuel Cintrón 0-0: Ball
1-0: Foul Ball, location: 2F
1-1: Swinging Strike
1-2: Ball
2-2: Ball
3-2: SINGLE (Groundball, 4MD)
Doyle Price scores
Lou Hammond to third
Vaughan Tillman to second
Batting: LHB Chris Henry 0-0: Ball
1-0: Swinging Strike
1-1: Foul Ball, location: 2F
1-2: Strikes out looking
Batting: RHB Sidney Smith 0-0: Called Strike
0-1: Ball
1-1: Ball
2-1: Ball
3-1: Base on Balls
Lou Hammond scores
Vaughan Tillman to third
Manuel Cintrón to second
Pinch Hitting: LHB Ryan Miller 0-0: Ball
1-0: Swinging Strike
1-1: Swinging Strike
1-2: Fielders Choice at 2nd, 5-4 (Groundball, 5L)
Top of the 7th over - 2 runs, 2 hits, 0 errors, 3 left on base; Minnesota 4 - Plumstead 4
BOTTOM OF THE 7TH
Plumstead Eagles batting - Pitching for Minnesota Death Stars : RHP Abel Walker
Now at SS: Xavier Chávez
Now in LF: Ryan Miller
Batting: LHB Conan Bush 0-0: Swinging Strike
0-1: Ball
1-1: Foul Ball, location: 2F
1-2: Ball
2-2: Foul Ball, location: 2F
2-2: Ball
3-2: Strikes out looking
Batting: SHB Joaquín Gilera 0-0: Foul Ball, location: 2F
0-1: Ball
1-1: Called Strike
1-2: Fly out, F9 (Flyball, 9D)
Pinch Hitting: LHB Jerry Tolbert 0-0: SINGLE (Groundball, 4MD)
Pinch Hitting: LHB Víctor Peña 0-0: Ball
Jerry Tolbert steals 2nd base
1-0: Ball
2-0: Ground out 4-3 (Groundball, 4)
Bottom of the 7th over - 0 runs, 1 hit, 0 errors, 1 left on base; Minnesota 4 - Plumstead 4
TOP OF THE 8TH
Minnesota Death Stars batting - Pitching for Plumstead Eagles : LHP Luis Hernández
Now at 2B: Lúcio Alfaro
Now in LF: Víctor Peña
Batting: RHB Ernesto Quintero 0-0: SINGLE (Groundball, 56D)
Batting: LHB Jamie Walker 0-0: Sac Bunt - play at first, batter OUT! 1-4
Ernesto Quintero to second
Pinch Hitting: RHB Pat McDonald 0-0: Called Strike
0-1: Ball
1-1: Called Strike
1-2: Ball
2-2: Foul Ball, location: 2F
2-2: Fly out, F8 (Line Drive, 8LM)
Batting: RHB Lou Hammond 0-0: Called Strike
0-1: Ball
1-1: Foul Ball, location: 2F
1-2: Ball
2-2: Foul Ball, location: 2F
2-2: Foul Ball, location: 2F
2-2: Foul Ball, location: 2F
2-2: Fly out, F3 (Line Drive, 3)
Top of the 8th over - 0 runs, 1 hit, 0 errors, 1 left on base; Minnesota 4 - Plumstead 4
BOTTOM OF THE 8TH
Plumstead Eagles batting - Pitching for Minnesota Death Stars : RHP Abel Walker
Now in RF: Larry Wright
Pinch Hitting: RHB David Rodríguez 0-0: Called Strike
0-1: Fly out, F8 (Flyball, 8RM)
Pinch Hitting: LHB Roberto Rodríguez 0-0: Ball
1-0: Swinging Strike
1-1: Ball
2-1: SINGLE (Flyball, 9S)
Batting: RHB Jason Powers 0-0: Ball
1-0: Called Strike
1-1: Ball
2-1: Ball
3-1: Fly out, F9 (Flyball, 9D)
Runner from 1st tags up, SAFE at 2nd
Batting: SHB José Rincón 0-0: Ball
1-0: Ball
2-0: Called Strike
2-1: Ball
3-1: Fly out, F3 (Popup, 3SF)
Bottom of the 8th over - 0 runs, 1 hit, 0 errors, 1 left on base; Minnesota 4 - Plumstead 4
TOP OF THE 9TH
Minnesota Death Stars batting - Pitching for Plumstead Eagles : LHP Luis Hernández
Now at SS: David Rodríguez
Now in LF: Roberto Rodríguez
Pinch Hitting: RHB José Rosales 0-0: Foul Ball, location: 2F
0-1: Called Strike
0-2: Foul Ball, location: 2F
0-2: Foul Ball, location: 2F
0-2: Foul Ball, location: 2F
0-2: Ball
1-2: Foul Ball, location: 2F
1-2: Strikes out looking
Batting: RHB Manuel Cintrón 0-0: Ball
1-0: Called Strike
1-1: Ball
2-1: SINGLE (Groundball, 56D)
Pitching: LHP Bill Parry
Batting: LHB Chris Henry 0-0: Called Strike
0-1: Ball
1-1: Called Strike
1-2: SINGLE (Line Drive, 34)
Manuel Cintrón to second
Batting: RHB Sidney Smith 0-0: Called Strike
0-1: Swinging Strike
0-2: Strikes out swinging
Pinch Hitting: RHB Donny Boykins 0-0: Ball
1-0: Foul Ball, location: 2F
1-1: Ball
2-1: Ball
3-1: Foul Ball, location: 2F
3-2: Base on Balls
Manuel Cintrón to third
Chris Henry to second
Pinch Hitting: RHB Ryan Williams 0-0: Ball
1-0: Called Strike
1-1: Foul Ball, location: 2F
1-2: Ball
2-2: Foul Ball, location: 2F
2-2: Foul Ball, location: 2F
2-2: SINGLE (Groundball, 34D)
Manuel Cintrón scores
Chris Henry to third
Donny Boykins to second
Runner from 3rd tries for Home, SAFE, no throw
Pinch Hitting: LHB Shannon Hunter 0-0: Swinging Strike
0-1: Ball
1-1: Foul Ball, location: 2F
1-2: Foul Ball, location: 2F
1-2: Foul Ball, location: 2F
1-2: Ball
2-2: Ground out 1-3 (Groundball, 13S)
Top of the 9th over - 2 runs, 3 hits, 0 errors, 2 left on base; Minnesota 6 - Plumstead 4
BOTTOM OF THE 9TH
Plumstead Eagles batting - Pitching for Minnesota Death Stars : RHP Abel Walker
Pitching: RHP Carlos Hernández
Now at C: José Rosales
Now at SS: Jeff Allen
Now in LF: Chris Osborn
Now in CF: Will O'Clerkin
Batting: LHB Ismael Barajas 0-0: Ball
1-0: Called Strike
1-1: Ball
2-1: Foul Ball, location: 2F
2-2: Ball
3-2: Strikes out swinging
Batting: LHB Conan Bush 0-0: SINGLE (Groundball, 3D)
Pinch Runner at 1st J.T. Paull:
Batting: SHB Joaquín Gilera 0-0: Swinging Strike
0-1: Called Strike
0-2: Ball
1-2: SINGLE (Groundball, 34D)
J.T. Paull to second
Batting: RHB Lúcio Alfaro 0-0: Ball
1-0: Called Strike
1-1: Ball
2-1: Called Strike
2-2: Strikes out swinging
Batting: LHB Víctor Peña 0-0: Ball
1-0: Ball
2-0: Swinging Strike
2-1: Ball
3-1: Base on Balls
J.T. Paull to third
Joaquín Gilera to second
Batting: RHB David Rodríguez 0-0: Ball
1-0: Ball
2-0: Fly out, F6 (Line Drive, 6M)
Bottom of the 9th over - 0 runs, 2 hits, 0 errors, 3 left on base; Minnesota 6 - Plumstead 4
Saturday, December 16th, 2017 - OOTP Baseball 18.8 Build 76